 Dungeon Crawl Stone Soup version 0.19-a0-518-g626ee58 (webtiles) character file.

83619 shmeve the Peltast (level 15, -7/144 HPs)
             Began as a Minotaur Berserker on June 7, 2016.
             Was the Champion of Trog.
             Killed by the raging water
             ... invoked by a water nymph
              (9 damage)
             ... on level 2 of the Shoals.
             The game lasted 00:55:31 (19267 turns).

shmeve the Peltast (Minotaur Berserker)            Turns: 19267, Time: 00:55:31

Health: -7/144     AC: 19    Str: 31    XL:     15   Next: 32%
Magic:  16/16      EV: 14    Int:  4    God:    Trog [******]
Gold:   1857       SH: 27    Dex: 20    Spells: 0 memorised, 14 levels left

rFire  . . .     SeeInvis .     t - +4 broad axe "Atagoir" {chop, rN+++}
rCold  . . .     Gourm    +     Q - +0 plate armour
rNeg   + + +     Faith    .     o - +4 large shield
rPois  .         Spirit   .     w - +0 hat {MR+}
rElec  .         Dismiss  .     d - +0 cloak
rCorr  .         Reflect  .     G - +0 pair of gloves {Dex+3}
SustAt .         Harm     .     h - +0 pair of boots
MR     ++++.                    F - amulet of the gourmand
Stlth  ..........               D - +3 ring of dexterity
                                X - +3 ring of dexterity

@: lethally poisoned (-7 -> -7), manticore barbs, mesmerised, regenerating,
incredibly resistant to hostile enchantments, extremely unstealthy
A: retaliatory headbutt, horns 2, strong 2
a: Berserk, Trog's Hand, Brothers in Arms, Burn Spellbooks, Renounce Religion


You were on level 2 of the Shoals.
You worshipped Trog.
Trog was exalted by your worship.
You were not hungry.

You visited 3 branches of the dungeon, and saw 20 of its levels.
You also visited: Ossuary.

You collected 1960 gold pieces.
You spent 103 gold pieces at shops.

Inventory:

Hand Weapons
 t - the +4 broad axe "Atagoir" (weapon) {chop, rN+++}
   (Trog gifted it to you on level 6 of the Lair of Beasts)

   It inflicts extra damage upon your enemies.
   It renders you almost immune to negative energy.
Armour
 d - a +0 cloak (worn)
 h - a +0 pair of boots (worn)
 o - a +4 large shield (worn)
 w - a +0 hat of magic resistance (worn)
 G - a +0 pair of gloves of dexterity (worn)
 Q - a +0 plate armour (worn)
Jewellery
 D - a +3 ring of dexterity (right hand)
 F - an amulet of the gourmand (around neck)
 X - a +3 ring of dexterity (left hand)
Wands
 i - a wand of iceblast (0/15)
 l - a wand of teleportation (5/9)
 r - a wand of flame (27/48)
 C - a wand of disintegration (9/24)
 L - a wand of disintegration (14/24)
 M - a wand of slowing (26/48)
 S - a wand of iceblast (10/15)
Scrolls
 g - 10 scrolls of identify
 p - 5 scrolls of teleportation
 q - 6 scrolls of remove curse
 v - 3 scrolls of blinking
 y - a scroll of magic mapping
 A - a scroll of silence
 I - 3 scrolls of fog
 J - 2 scrolls of fear
 N - a scroll of enchant weapon
 V - a scroll of noise
Potions
 a - a potion of resistance
 b - a potion of ambrosia
 e - 3 potions of flight
 f - 7 potions of curing
 j - 2 potions of cure mutation
 k - 5 potions of heal wounds
 m - 4 potions of cancellation
 x - 2 potions of brilliance
 B - a potion of haste
 E - a potion of invisibility
 K - a potion of agility
 Y - 3 potions of might
Miscellaneous
 z - a fan of gales
 H - a lamp of fire
Comestibles
 c - 9 bread rations
 s - 4 beef jerkies
 u - 6 meat rations
 P - 21 royal jellies
 T - 3 slices of pizza
 W - 21 fruits


   Skills:
 * Level 16.1 Fighting
 * Level 15.4 Axes
 + Level 11.4 Armour
 + Level 10.5 Dodging
 * Level 16.8 Shields
 - Level 3.0 Evocations


You had 14 spell levels left.
You didn't know any spells.

Dungeon Overview and Level Annotations

Branches:
Dungeon (10/15)            Temple (0/1) D:5            Lair (8/8) D:10
 Shoals (2/4) Lair:5       Spider (0/4) Lair:6        Slime (0/6) Lair:8
    Orc: D:9-12

Altars:
Ashenzari
Dithmenos
Elyvilon
Fedhas
Gozag
Hepliaklqana
Kikubaaqudgha
Makhleb
Ru
Sif Muna
Xom
Zin
The Shining One

Shops:
D:6 %*([   D:7 :

Portals:
Hell: Lair:8

Annotations:
D:4 richardnixon's ghost, novice GrFi
D:5 Prince Ribbit


Innate Abilities, Weirdness & Mutations

You reflexively headbutt those who attack you in melee.
You have a pair of horns on your head.
Your muscles are very strong. (Str +4)


Message History

* * * LOW HITPOINT WARNING * * *
You hear a splash.
The siren hits you but does no damage. You block the faun's attack.
A faun comes into view. It is wielding a quarterstaff.
You slash the faun! You headbutt the faun!
You kill the faun!
Trog accepts your kill.
Trog appreciates your killing of a magic user.
You hear a splash. x3
You slice the faun!!
You kill the faun!
Trog accepts your kill.
Trog appreciates your killing of a magic user.
You hear a splash. x3
You slash the faun!
The faun is severely wounded.
You feel sick. You block the snapping turtle's attack.
The siren chants its luring song.
The water nymph casts a spell at you. The water swirls and strikes you!
You die...

≈≈≈≈≈≈≈ ≈≈≈≈ ≈≈≈≈≈≈≈
≈≈≈≈≈ ≈≈≈..≈≈≈≈≈≈≈≈≈≈≈≈≈
≈≈≈≈≈
≈P≈.≈≈≈≈≈≈≈≈≈≈≈≈.##(≈≈≈≈
≈P...≈≈≈≈≈≈(≈≈≈.##..≈≈≈.
≈≈PP≈≈≈≈≈≈≈≈≈≈≈..m.≈≈≈≈≈
≈≈≈≈≈≈≈≈≈≈.≈≈≈m††)≈≈≈≈≈.
≈≈≈≈≈≈≈≈≈###≈≈(≈@)≈≈≈≈≈≈
≈≈≈≈≈≈≈≈≈##...t()c≈≈≈≈≈≈
≈≈≈≈≈≈<#.cc...m†(mm≈≈≈≈[
≈≈≈≈≈≈##....###†(≈≈≈≈≈..
≈≈≈≈≈......## #..≈≈≈≈≈.≈
≈≈≈≈≈≈(≈....# #..≈≈≈≈≈≈≈
≈≈≈≈≈≈≈..≈≈.##...≈≈≈≈≈≈≈
≈≈≈≈≈≈≈≈≈m≈≈....≈≈≈≈≈≈≈≈
≈≈≈≈≈≈≈≈≈≈≈≈..≈≈≈≈≈≈≈≈≈≈


You could see a snapping turtle, 3 fauns, 4 sirens and a water nymph.

Vanquished Creatures
  Maud (D:10)
  2 dire elephants
  A merfolk impaler (Shoals:1)
  A merfolk avatar (Shoals:2)
  Erica (D:10)
  11 hydras
  A catoblepas (Lair:5)
  8 death yaks
  Sonja (Lair:2)
  A sun demon (Lair:8)
  4 sea snakes
  A wizard (Lair:8)
  Pikel (D:4)
  8 harpies
  An orb spider (Lair:6)
  2 griffons
  3 manticores
  9 fauns
  A sixfirhy (Lair:8)
  A siren (Shoals:1)
  5 black mambas
  Psyche (D:10)
  26 elephants
  3 orange demons (Lair:8)
  A centaur zombie (D:10)
  2 water nymphs (Shoals:1)
  13 spiny frogs
  A torpor snail (Lair:5)
  4 rime drakes
  A kobold demonologist (D:10)
  9 komodo dragons
  3 ice devils (Lair:8)
  A hellwing (Lair:8)
  2 red devils (Lair:8)
  A troll (D:10)
  2 queen bees
  2 polar bears (Lair:7)
  A two-headed ogre (D:9)
  2 snapping turtles (Shoals:1)
  15 blink frogs
  64 yaks
  2 wyverns
  A wraith (D:10)
  A spriggan (Lair:7)
  Eustachio (D:5)
  4 basilisks
  A steam dragon (Lair:5)
  A vampire mosquito (D:10)
  19 hippogriffs
  Menkaure (D:5)
  A soldier ant (D:10)
  3 hell hounds
  15 water moccasins
  3 slaves (D:4)
  A black bear (D:10)
  6 porcupines
  A sky beast (D:9)
  4 orc warriors (D:10)
  An ice beast (D:5)
  4 phantoms
  4 ogres
  A wasp (D:10)
  7 wolves
  4 centaurs
  The ghost of heiberg the Archer, an amateur HEHu (D:3)
  9 crocodiles
  Blork the orc (D:4)
  19 giant frogs
  2 scorpions
  45 killer bees
  2 electric eels
  10 wights
  5 howler monkeys
  4 crimson imps
  2 giant frog zombies
  4 hounds
  A quasit (D:9)
  An orc priest (D:9)
  A gnoll shaman (D:6)
  A jelly (D:8)
  2 giant frog skeletons
  10 iguanas
  7 hell rats (Lair:3)
  6 orc wizards
  Natasha (twice) (D:3)
  9 worker ants
  17 sheep
  8 mummies (Ossuary)
  A howler monkey zombie (D:10)
  A worker ant zombie (D:8)
  16 gnolls
  82 river rats
  10 adders
  A howler monkey skeleton (D:8)
  A shadow imp (D:5)
  An ooze (D:2)
  3 adder skeletons
  An adder zombie (D:9)
  A worm (D:3)
  4 dart slugs
  36 orcs
  A ball python (D:2)
  4 bat zombies (D:2)
  3 giant cockroaches
  A gnoll zombie (Ossuary)
  9 goblins
  3 hobgoblins (D:1)
  12 jackals
  6 quokkas
  10 bats
  A giant gecko zombie (D:5)
  5 giant newts
  A goblin skeleton (D:9)
  2 goblin zombies (D:9)
  6 hobgoblin zombies
  A jackal zombie (D:8)
  7 kobolds
  5 kobold zombies
  4 orc zombies
  7 rats
  9 fungi
  2 plants
730 creatures vanquished.

Vanquished Creatures (others)
  69 fungi
  29 plants
98 creatures vanquished.

Grand Total: 828 creatures vanquished

Notes
Turn   | Place    | Note
--------------------------------------------------------------
     0 | D:1      | shmeve the Minotaur Berserker began the quest for the Orb.
     0 | D:1      | Reached XP level 1. HP: 19/19 MP: 0/0
   290 | D:1      | Reached XP level 2. HP: 25/27 MP: 1/1
   974 | D:2      | Reached ** piety under Trog
  1065 | D:2      | Reached XP level 3. HP: 33/33 MP: 2/2
  1412 | D:2      | Found an ancient bone altar of Kikubaaqudgha.
  1677 | D:3      | Noticed heiberg's ghost (amateur HEHu)
  1687 | D:3      | Killed heiberg's ghost
  1687 | D:3      | Reached XP level 4. HP: 41/41 MP: 3/3
  1774 | D:3      | Found a shadowy altar of Dithmenos.
  1807 | D:3      | Reached skill level 1 in Shields
  1807 | D:3      | Reached XP level 5. HP: 47/47 MP: 4/4
  1948 | D:3      | Reached *** piety under Trog
  2006 | D:3      | Noticed Natasha
  2013 | D:3      | Killed Natasha
  2203 | D:3      | Found a deep blue altar of Sif Muna.
  2365 | D:3      | Noticed Natasha
  2374 | D:3      | Killed Natasha
  2643 | D:4      | Reached XP level 6. HP: 49/55 MP: 5/5
  2669 | D:4      | Noticed a slave
  2671 | D:4      | Noticed Pikel
  2671 | D:4      | Noticed a slave
  2671 | D:4      | Noticed a slave
  2672 | D:4      | Noticed a slave
  2675 | D:4      | Reached skill level 5 in Shields
  2681 | D:4      | Killed a slave
  2684 | D:4      | Killed Pikel
  2684 | D:4      | Reached XP level 7. HP: 60/60 MP: 6/6
  2938 | D:4      | Noticed richardnixon's ghost (novice GrFi)
  2948 | D:4      | Got an ancient ring mail
  2968 | D:4      | Identified the +3 ring mail of Ruweron {Str+4 Int+4} (You found it on level 4 of the Dungeon)
  2986 | D:4      | Reached skill level 5 in Fighting
  2986 | D:4      | Reached skill level 5 in Axes
  2988 | D:4      | Noticed Blork the orc
  2996 | D:4      | Killed Blork the orc
  3357 | D:5      | Entered Level 5 of the Dungeon
  3366 | D:5      | Reached XP level 8. HP: 68/68 MP: 7/7
  3414 | D:5      | Found a glowing golden altar of the Shining One.
  3468 | D:5      | Found a blossoming altar of Fedhas.
  3491 | D:5      | Reached **** piety under Trog
  3578 | D:5      | Noticed Eustachio
  3589 | D:5      | Found a staircase to the Ecumenical Temple.
  3602 | D:5      | Killed Eustachio
  3603 | D:5      | Noticed Prince Ribbit
  3617 | D:5      | Found a sacrificial altar of Ru.
  3667 | D:5      | Noticed Menkaure
  3676 | D:5      | Killed Menkaure
  4306 | D:6      | Found Tirara's Antique Armour Boutique.
  4309 | D:6      | Bought a pair of runed gloves for 103 gold pieces
  4349 | D:6      | Found a burning altar of Makhleb.
  4361 | D:6      | Reached XP level 9. HP: 73/78 MP: 8/8
  4385 | D:6      | Found Inketop's Weapon Shoppe.
  4403 | D:6      | Found Pobbaarcho's General Store.
  4417 | D:6      | Found a glowing silver altar of Zin.
  4433 | D:6      | Noticed an angel
  4564 | D:6      | Reached skill level 10 in Shields
  4588 | D:6      | Found Baock's Food Shop.
  4590 | D:6      | Found a shimmering altar of Xom.
  4751 | D:7      | Reached skill level 5 in Armour
  5018 | D:7      | Found Joemp's Book Shoppe.
  5130 | D:7      | Reached skill level 1 in Evocations
  5287 | D:7      | Found a sand-covered staircase.
  5386 | Ossuary  | Entered an ossuary
  5699 | D:8      | Reached skill level 5 in Dodging
  5848 | D:8      | Reached ***** piety under Trog
  6233 | D:8      | Found an opulent altar of Gozag.
  6367 | D:9      | Reached XP level 10. HP: 84/89 MP: 10/10
  6442 | D:9      | Received a gift from Trog
  6631 | D:9      | Found a hazy altar of Hepliaklqana.
  6937 | D:9      | Found a shattered altar of Ashenzari.
  6938 | D:9      | Found a white marble altar of Elyvilon.
  7295 | D:9      | Found a glowing golden altar of the Shining One.
  7545 | D:10     | Entered Level 10 of the Dungeon
  7789 | D:10     | Reached XP level 11. HP: 78/99 MP: 12/12
  7828 | D:10     | Found a staircase to the Lair.
  7923 | D:10     | Noticed Erica
  7935 | D:10     | Killed Erica
  7935 | D:10     | Reached skill level 10 in Fighting
  7935 | D:10     | Reached skill level 10 in Axes
  8315 | D:10     | Noticed Maud
  8329 | D:10     | Received a gift from Trog
  8331 | D:10     | Killed Maud
  8471 | D:10     | Noticed Psyche
  8529 | D:10     | Killed Psyche
  8803 | Lair:1   | Entered Level 1 of the Lair of Beasts
 10150 | Lair:2   | Noticed Sonja
 10155 | Lair:2   | Killed Sonja
 10189 | Lair:2   | Reached XP level 12. HP: 68/110 MP: 13/13
 10987 | Lair:2   | Received a gift from Trog
 11539 | Lair:3   | Noticed an eight-headed hydra
 11555 | Lair:3   | HP: 7/169 [ten-headed hydra (8)]
 11556 | Lair:3   | Killed an 11-headed hydra
 13195 | Lair:4   | Found a dark tunnel.
 13828 | Lair:5   | Noticed a four-headed hydra
 13829 | Lair:5   | Noticed a death yak
 13832 | Lair:5   | Noticed a catoblepas
 13832 | Lair:5   | Received a gift from Trog
 13836 | Lair:5   | Killed an eight-headed hydra
 13836 | Lair:5   | Reached XP level 13. HP: 122/122 MP: 14/14
 13853 | Lair:5   | Got a bloodstained broad axe {god gift}
 13854 | Lair:5   | Identified the +1 broad axe of the Spider Nest {chop, Str+2} (Trog gifted it to you on level 5 of the Lair of Beasts)
 14279 | Lair:5   | Found a staircase to the Shoals.
 14516 | Lair:5   | Gained mutation: You have sharp fingernails. [potion of mutation]
 14516 | Lair:5   | Gained mutation: You are dopey. (Int -2) [potion of mutation]
 14516 | Lair:5   | Gained mutation: Armour fits poorly on your strangely shaped body. [potion of mutation]
 14517 | Lair:5   | Lost mutation: Armour fits poorly on your strangely shaped body. [potion of cure mutation]
 14517 | Lair:5   | Lost mutation: You are dopey. (Int -2) [potion of cure mutation]
 14517 | Lair:5   | Lost mutation: You have sharp fingernails. [potion of cure mutation]
 14518 | Lair:5   | Gained mutation: Your muscles are strong. (Str +2) [potion of beneficial mutation]
 14519 | Lair:5   | Gained mutation: Your muscles are very strong. (Str +4) [potion of beneficial mutation]
 15351 | Lair:6   | Received a gift from Trog
 15361 | Lair:6   | Got a steaming broad axe {god gift}
 15362 | Lair:6   | Identified the +4 broad axe "Atagoir" {chop, rN+++} (Trog gifted it to you on level 6 of the Lair of Beasts)
 15432 | Lair:6   | Found a hole to the Spider Nest.
 15767 | Lair:6   | Reached skill level 10 in Armour
 15813 | Lair:7   | Reached skill level 15 in Shields
 15836 | Lair:7   | Found a frozen archway.
 16225 | Lair:7   | Reached XP level 14. HP: 132/132 MP: 15/15
 16446 | Lair:7   | Reached ****** piety under Trog
 16602 | Lair:7   | Identified a scroll of acquirement
 16684 | Lair:8   | Entered Level 8 of the Lair of Beasts
 16724 | Lair:8   | Received a gift from Trog
 17118 | Lair:8   | Found a staircase to the Slime Pits.
 17189 | Lair:8   | Reached skill level 15 in Fighting
 17275 | Lair:8   | Received a gift from Trog
 17743 | Lair:8   | Reached skill level 10 in Dodging
 17781 | Lair:8   | Found a burning altar of Makhleb.
 17820 | Lair:8   | Found a gateway to Hell.
 18090 | Lair:8   | Reached skill level 15 in Axes
 18505 | Shoals:1 | Entered Level 1 of the Shoals
 18522 | Shoals:1 | Reached XP level 15. HP: 143/143 MP: 16/16
 18660 | Shoals:1 | Received a gift from Trog
 19266 | Shoals:2 | HP: 7/144 [water nymph/the raging water (23)]
 19266 | Shoals:2 | HP: 3/144 [faun/stone (4)]
 19266 | Shoals:2 | HP: 1/144 [faun/stone (2)]
 19267 | Shoals:2 | Killed from afar by a water nymph

Vault maps used:
D:1:      kilobyte_arrival_exit_the_forest
D:2:      lemuel_zombie_altar_kikubaaqudgha
D:3:      nicolae_overflow_crystal_walls, led_sif_book, uniq_natasha
D:4:      first_bread, uniq_pikel, uniq_blork_the_orc
D:5:      fedhas_altar_2, nicolae_ru_sacrificial_ziggurat, marbit_many_paths,
          minmay_temple_entry_glassed_door, uniq_menkaure, uniq_eustachio,
          uniq_prince_ribbit1
D:6:      grunt_temple_overflow_order_and_chaos_1, makhleb_heckhound_becter,
          serial_shops, nicolae_shop_trees, shop, shop,
          nicolae_shop_behind_doors, nicolae_benzene_ring
D:7:      statuecave_lemuel, nicolae_ossuary_entry_false_entrances,
          serial_shops, shop
D:8:      nicolae_overflow_hidden_temple, grunt_gozag_statues,
          minmay_misc_feat_x
D:9:      lemuel_round_altar, minitemple, david_nohive_1,
          nicolae_tso_besieged_by_evil
D:10:     minmay_ornate_pinched, lair_0_dummy, kennysheep_another_room,
          uniq_maud, uniq_psyche, uniq_erica
Lair:2:   special_room, uniq_sonja
Lair:3:   serial_bayou_shore_a, lemuel_fruit_tree
Lair:4:   enter_volcano_3
Lair:5:   elwin_shoals_entry_rocks
Lair:6:   nicolae_spider_entry_orb_guardian
Lair:7:   mu_elephants_graveyard, portal_ice_cave_rime, beast_lair_carwin_8
Lair:8:   evil_forest, slime_dummy, grunt_megastairs_4
Shoals:1: nicolae_alphabet_shops
Ossuary:  ossuary_tomb_3

Skill      XL: |  1  2  3  4  5  6  7  8  9 10 11 12 13 14 15 |
---------------+----------------------------------------------+-----
Fighting       | 4 5 6 8 9 11 13 14 15 16 | 16.1
Axes           | 4 5 6 8 9 11 12 13 15 | 15.4
Armour         | 3 4 5 6 8 9 10 11 | 11.4
Shields        | 1 4 8 9 10 11 13 14 15 16 | 16.8
Dodging        | 3 4 5 6 7 8 9 10 | 10.5
Evocations     | 2 3 |  3.0

Action                   |  1- 3 |  4- 6 |  7- 9 | 10-12 | 13-15 || total
-------------------------+-------+-------+-------+-------+-------++-------
Melee: Hand axe          |    63 |    86 |    86 |       |       ||   235
       Headbutt          |    13 |    10 |    75 |   219 |   224 ||   541
       War axe           |       |       |   241 |   712 |    11 ||   964
       Broad axe         |       |       |       |       |   567 ||   567
Invok: Berserk           |     1 |     1 |     3 |     6 |     9 ||    20
       Trog's Hand       |       |     1 |       |     4 |     2 ||     7
       Burn Spellbooks   |       |       |       |       |     1 ||     1
Evoke: Wand              |       |       |       |    18 |    27 ||    45
  Use: Scroll            |       |       |     1 |       |    35 ||    36
       Potion            |       |       |       |     1 |     6 ||     7
 Stab: Distracted        |       |       |     1 |       |       ||     1
  Eat: Chunk             |     2 |     5 |    18 |    37 |    27 ||    89
Armor: Animal skin       |    27 |    23 |       |       |       ||    50
       Chain mail        |       |    22 |    13 |       |       ||    35
       Ring mail         |       |       |    85 |    97 |       ||   182
       Plate armour      |       |       |       |   168 |   239 ||   407
Dodge: Dodged            |    44 |    51 |   139 |   338 |   242 ||   814
Block: Shield            |       |       |   223 |   569 |    73 ||   865
       Large shield      |       |       |       |       |   802 ||   802
